[Event "Early-Titled-Tuesday-Blitz-August-29-2023"]
[Site "Chess.com"]
[Date "2023.08.29"]
[Round "2"]
[White "Mikhail_Bryakin"]
[Black "Ramosha"]
[Result "1/2-1/2"]
[WhiteElo "2829"]
[BlackElo "2566"]
[TimeControl "180+1"]
[EndTime "8:18:37 PDT"]
[Termination "Game drawn - insufficient material"]

1. Nf3 Nf6 2. c4 c5 3. b3 d5 4. cxd5 Nxd5 5. Bb2 Nc6 6. g3 Bf5 7. d3 Bg6 8. Bg2 f6 9. O-O e5 10. Nc3 Nc7 11. Nh4 Qd7 12. a3 Be7 13. Nxg6 hxg6 14. b4 cxb4 15. axb4 Bxb4 16. Qb3 a5 17. Na4 Qd6 18. Nb6 Rd8 19. Rfc1 Ne6 20. Nc4 Qd7 21. Nb6 Qd6 22. Nd5 Ned4 23. Qd1 O-O 24. e3 Nf5 25. Nxb4 Nxb4 26. Rxa5 Qxd3 27. Qe1 Nc2 28. Qc3 b6 29.
Ra2 Qxc3 30. Bxc3 Ncxe3 31. fxe3 Nxe3 32. Bf3 Rc8 33. Bd2 Rxc1+ 34. Bxc1 Nf5 35. Ra6 Rb8 36. Bb2 b5 37. Bd5+ Kh7 38. Kf2 Kh6 39. g4 Ne7 40. Be4 b4 41. h4 Rc8 42. Ke3 Rd8 43. Rb6 Nd5+ 44. Bxd5 Rxd5 45. Rxb4 g5 46. h5 Rd1 47. Ke2 Rg1 48. Kf3 Rf1+ 49. Kg2 Rb1 50. Rb8 Kh7 51.
Bxe5 Rxb8 52. Bxb8 g6 53. Kf3 gxh5 54. gxh5 Kh6 55. Kg4 f5+ 56. Kxf5 Kxh5 57. Bf4 g4 58. Bg3 Kh6 59. Kxg4 1/2-1/2

[Event "Early-Titled-Tuesday-Blitz-August-29-2023"]
[Site "Chess.com"]
[Date "2023.08.29"]
[Round "2"]
[White "wannabe2700"]
[Black "HansOnTwitch"]
[Result "1-0"]
[WhiteElo "2642"]
[BlackElo "2902"]
[TimeControl "180+1"]
[EndTime "8:18:38 PDT"]
[Termination "wannabe2700 won on time"]

1. c4 e5 2. Nc3 Nf6 3. Nf3 Nc6 4. e3 Bb4 5. Qc2 Bxc3 6. Qxc3 Qe7 7. b3 d5 8. cxd5 Nxd5 9. Qc2 e4 10. Ng1 Ndb4 11.
Qc3 Ne5 12. Ba3 Nbd3+ 13. Bxd3 Nxd3+ 14. Qxd3 exd3 15. Bxe7 Kxe7 16. Rc1 c6 17. f3 a5 18. Rc3 Rd8 19. Kf2 a4 20. b4 a3 21. Nh3 Ra4 22. Rb1 Be6 23. Nf4 Bxa2 24. Ra1 Be6 25. Raxa3 Rxb4 26. Nxd3 Rb1 27. Ke2 b5 28. Rc1 Rxd3 29. Ra7+ Kf6 30. Rxb1 Bc4 31. Kd1 Rd6 32. Rc7 Bf1 33.
g3 Bc4 34. Rc1 Ke6 35. Rc3 Kf6 36. Kc2 Ke5 37. d3 Bd5 38. e4 b4 39. Rc5 Kd4 40.
Ra5 Be6 41. Ra6 Kc5 42. Raa7 Rd8 43. Rcb7 Rd4 44. Ra5+ Kd6 45. f4 Bd7 46. e5+ Ke6 47. Kd2 f6 48. Ke3 c5 49. Rxc5 Rd5 50. Rxd5 1-0

[Event "Early-Titled-Tuesday-Blitz-August-29-2023"]
[Site "Chess.com"]
[Date "2023.08.29"]
[Round "2"]
[White "musclemonster12"]
[Black "Murad_Ibrahimli"]
[Result "0-1"]
[WhiteElo "2583"]
[BlackElo "2900"]
[TimeControl "180+1"]
[EndTime "8:18:38 PDT"]
[Termination "Murad_Ibrahimli won by resignation"]

1. Nf3 Nf6 2. c4 g6 3. Nc3 Bg7 4. e4 O-O 5. d4 c5 6. d5 d6 7. Bd3 e6 8. O-O Re8 9. h3 Na6 10. Bg5 h6 11. Be3 exd5 12. exd5 Nc7 13. Qd2 Kh7 14. Rae1 a6 15. a4 b5 16. b3 bxc4 17.
bxc4 Rb8 18. Qc2 Bd7 19. Bf4 Rxe1 20. Rxe1 Nce8 21. Nh4 Kg8 22. Nf3 Rb7 23. Kh2 Bc8 24.
Qd2 g5 25. Be3 Qa5 26. Bc2 Ng4+ 27. hxg4 Bxc3 28. Qd3 Nf6 29. Re2 Re7 30. Nxg5 hxg5 31. Bxg5 Rxe2 32. Bxf6 Bxf6 33. Qxe2 Qc3 34. Qe8+ Kg7 35.
g5 Qe5+ 36. Qxe5 Bxe5+ 37. g3 Bd7 38. f4 Bc3 39. Kg2 Bg4 40. Be4 a5 41. Bf3 Bf5 42. g4 Bc2 43. f5 f6 44. Be4 Bxe4+ 0-1

[Event "Early-Titled-Tuesday-Blitz-August-29-2023"]
[Site "Chess.com"]
[Date "2023.08.29"]
[Round "2"]
[White "Tonychess32"]
[Black "Apocalyps999"]
[Result "1-0"]
[WhiteElo "2522"]
[BlackElo "2340"]
[TimeControl "180+1"]
[EndTime "8:18:40 PDT"]
[Termination "Tonychess32 won by resignation"]

1. e4 e5 2. Bc4 Nf6 3. d3 c6 4.
Nf3 d5 5. Bb3 dxe4 6. Ng5 Be6 7.
Nxe6 fxe6 8. Bxe6 exd3 9. O-O Na6 10. cxd3 Nc5 11. Bc4 b5 12. Bb3 Qxd3 13. Be3 Qxd1 14. Bxd1 O-O-O 15. Nc3 Kb7 16. Bc2 Be7 17. Rfe1 Rhe8 18.
h3 Nd3 19. Reb1 b4 20. Ne2 e4 21.
Ng3 g6 22. a3 Bd6 23. axb4 a6 24. Ne2 Nxb4 25. Bb3 Be5 26. Nc3 Nbd5 27. Na4 Nxe3 28.
fxe3 Re7 29. Bc4 Ra8 30. Nc5+ Kb6 31. Na4+ Kc7 32. Rc1 Bd6 33. Rab1 a5 34. Bb5 c5 35. Nxc5 Bxc5 36. Rxc5+ Kb6 37. Rbc1 Nd7 38. Rd5 Nf6 39. Rc6+ Kb7 40. Rxf6 Rc7 41. Rd2 Rac8 42. Kf2 Rc1 43. Ba6+ Ka7 44. Bxc8 Rxc8 45. Rd7+ Kb8 46. Rb6+ Ka8 47.
Ra6+ Kb8 48. Rxa5 Rd8 49. Rxd8+ Kc7 50. Raa8 1-0

[Event "Early-Titled-Tuesday-Blitz-August-29-2023"]
[Site "Chess.com"]
[Date "2023.08.29"]
[Round "2"]
[White "vladgoncharov"]
[Black "MatthewG-p4p"]
[Result "0-1"]
[WhiteElo "2562"]
[BlackElo "2858"]
[TimeControl "180+1"]
[EndTime "8:18:41 PDT"]
[Termination "MatthewG-p4p won by resignation"]

1. d4 Nf6 2. c4 c5 3. Nf3 cxd4 4. Nxd4 e5 5. Nb5 d5 6. cxd5 Bc5 7. e3 O-O 8. N5c3 e4 9. h3 Nbd7 10. Bc4 Ne5 11.
Be2 a6 12. Nd2 Bf5 13. O-O Re8 14. a3 Qe7 15. b4 Bd6 16. Bb2 Rad8 17. Re1 Bg6 18.
Nf1 Bb8 19. Qb3 Nfd7 20. Rad1 Qg5 21. Kh1 Qh4 22. Kg1 Nf6 23. d6 Bxd6 24. Nd5 Nxd5 25. Rxd5 Nd3 26. Bxd3 exd3 27. Rd4 Qg5 28. e4 Be5 29.
Rxd3 Rxd3 30. Qxd3 Bxb2 31. Qd7 Qe7 32. Qd3 Be5 33. f3 Bb8 34. Rd1 h5 35. Qd7 Ba7+ 36. Kh1 Kh7 37. Qd5 Bb6 38. Rc1 Rd8 39. Qc4 f6 40. a4 Be8 41. b5 axb5 42. axb5 Qe5 43.
Rb1 Rd4 44. Qc8 Rd7 45. Rc1 Rc7 46. Rxc7 Bxc7 47. Qxb7 Qc5 48. Qc8 Bxb5 49. Ng3 Qc1+ 0-1

[Event "Early-Titled-Tuesday-Blitz-August-29-2023"]
[Site "Chess.com"]
[Date "2023.08.29"]
[Round "2"]
[White "brm72"]
[Black "WhiteKnight2612"]
[Result "0-1"]
[WhiteElo "2539"]
[BlackElo "2819"]
[TimeControl "180+1"]
[EndTime "8:18:41 PDT"]
[Termination "WhiteKnight2612 won by resignation"]

1. e4 c5 2. Nf3 d6 3. d4 cxd4 4.
Nxd4 Nf6 5. Nc3 Nc6 6. Bg5 e6 7. f3 a6 8. Qd2 Bd7 9. O-O-O b5 10. h4 h6 11. Be3 h5 12. Nxc6 Bxc6 13. Ne2 Rc8 14. Nd4 Bb7 15. Kb1 Be7 16. Rc1 d5 17. e5 Nd7 18. f4 Bxh4 19. f5 Nc5 20. fxe6 Nxe6 21. Rxh4 Qxh4 22. Nf5 Qh2 23. Nd6+ Kd7 24.
Nxb7 Qxe5 25. Na5 Rhd8 26. Nb3 Ke8 27. Nd4 Nc5 28. Bf4 Ne4 29. Qe3 Qf6 30. Bd3 Kf8 31. Rf1 Qg6 32. g3 Kg8 33. a3 Re8 34. Qf3 Qf6 35.
Ne2 g6 36. g4 hxg4 37. Qg2 b4 38. axb4 Qb6 39. Qxg4 Qxb4 40. Bxe4 Rxe4 41. Nc1 Rb8 42. Nb3 a5 43. Qg5 Rbe8 44. Rh1 a4 45. Nc1 Re1 46. Rxe1 Qxe1 47. Bd2 Qe4 48. Bc3 d4 49.
Bb4 Qb7 50. Nd3 Qc6 51. Qa5 Rc8 52. Qa7 Qxc2+ 53. Ka2 0-1

[Event "Early-Titled-Tuesday-Blitz-August-29-2023"]
[Site "Chess.com"]
[Date "2023.08.29"]
[Round "2"]
[White "Chessmissile07"]
[Black "colegiodemadrid"]
[Result "1-0"]
[WhiteElo "2844"]
[BlackElo "2422"]
[TimeControl "180+1"]
[EndTime "8:18:41 PDT"]
[Termination "Chessmissile07 won by checkmate"]

1. e4 e5 2. Nf3 Nc6 3. Bc4 Bc5 4. c3 Nf6 5. d4 exd4 6. b4 Bb6 7. e5 d5 8. exf6 dxc4 9. b5 Na5 10. Qe2+ Be6 11. fxg7 Rg8 12. Bg5 Qd6 13. Bf6 d3 14.
Qe4 Qd5 15. Qxh7 Kd7 16. Ne5+ Kd6 17. Nd2 c6 18. bxc6 bxc6 19. Qe4 Rae8 20. O-O Kc7 21. Qf4 Kb7 22. h4 Bc7 23. h5 Bxe5 24. Qxe5 Qxe5 25.
Bxe5 Bf5 26. f4 Re6 27. Rab1+ Ka6 28. Rb8 Bh7 29. Rxg8 Bxg8 30. g4 f6 31. Bd4 Re2 32.
Rf2 Re1+ 33. Kh2 Kb5 34. Bxf6 c5 35. g5 Nb7 36. g6 Nd6 37. h6 Bd5 38. Nf1 Ne4 39. Rb2+ Ka4 40. h7 Rxf1 41. g8=Q Nxf6 42. Qb8 Rh1+ 43. Kg3 Rg1+ 44. Kf2 Rg2+ 45. Kf1 Rxb2 46. Qxb2 Ne4 47. h8=Q d2 48. Qe8+ Ka5 49. Qeb5# 1-0

[Event "Early-Titled-Tuesday-Blitz-August-29-2023"]
[Site "Chess.com"]
[Date "2023.08.29"]
[Round "2"]
[White "GalaxyRoman"]
[Black "a-z30"]
[Result "1-0"]
[WhiteElo "2730"]
[BlackElo "2356"]
[TimeControl "180+1"]
[EndTime "8:18:44 PDT"]
[Termination "GalaxyRoman won on time"]

1. e4 d6 2. Nc3 Nf6 3. g3 g6 4.
Bg2 Bg7 5. d3 O-O 6. h3 c5 7. Be3 Nc6 8. Nge2 Rb8 9. a4 a6 10. Qd2 b5 11. Bh6 b4 12. Nd1 Nd4 13. Nxd4 cxd4 14. Bxg7 Kxg7 15. b3 e5 16. O-O d5 17. f4 exf4 18. Qxf4 Be6 19. exd5 Bxd5 20. Bxd5 Nxd5 21. Qxd4+ Kg8 22. Ne3 Nxe3 23. Qxe3 Qc8 24. Rf2 Qxh3 25. Rh2 Qd7 26. Rf1 h5 27. Rhf2 Rbe8 28.
Qf4 Qe7 29. Qc4 a5 30. Qb5 Qe3 31. Kh2 Re5 32. Qc4 Rg5 33. Rf3 Qe2+ 34. R1f2 Qe7 35. Qh4 Re5 36. Qf4 Rf5 37. Qd4 Rxf3 38. Rxf3 Rc8 39. Rf2 Rc6 40. Qf4 Re6 41. Qf3 Re5 42. Qg2 h4 43. g4 Re6 44. Kh3 Re3+ 45. Rf3 Rxf3+ 46. Qxf3 Qe5 47. Qf2 Qc3 48. Kxh4 Kg7 49. Kh3 Qd4 50. Qxd4+ 1-0

[Event "Early-Titled-Tuesday-Blitz-August-29-2023"]
[Site "Chess.com"]
[Date "2023.08.29"]
[Round "2"]
[White "BrandonJacobson"]
[Black "wqws"]
[Result "1-0"]
[WhiteElo "2996"]
[BlackElo "2643"]
[TimeControl "180+1"]
[EndTime "8:18:45 PDT"]
[Termination "BrandonJacobson won by resignation"]

1. d4 Nf6 2. c4 e6 3. Nf3 d5 4. Nc3 Bb4 5. e3 O-O 6. Bd3 b6 7. cxd5 exd5 8. O-O Ba6 9. Bxa6 Nxa6 10. Qa4 Qc8 11.
Qc6 Bxc3 12. bxc3 Qe8 13. Ne5 Qxc6 14. Nxc6 Rfe8 15. f3 Nb8 16. Nxb8 Raxb8 17. Bd2 c5 18. a4 c4 19. Rfb1 Kf8 20. Kf2 Ke7 21. Ke2 Kd7 22.
Be1 Kc6 23. Bg3 Rb7 24. Kd2 Rbe7 25. Bf2 a5 26. Rb5 Rb8 27. Rab1 Rbb7 28. Bh4 h6 29. Bxf6 gxf6 30. g4 Re8 31. Rf1 Rbe7 32. e4 dxe4 33. fxe4 Rxe4 34. Rxf6+ Kc7 35. Rxf7+ Kc8 36. Rf2 Kb7 37. g5 hxg5 38. Rxg5 Re1 39. h4 Ra1 40. Re5 Rxe5 41. dxe5 Rh1 42. e6 Kc6 43. Re2 Ra1 44. Re4 Ra2+ 45. Ke3 Ra1 46. Kf2 Ra2+ 47. Kg3 Ra1 48.
e7 Rg1+ 49. Kf2 Rg8 50. e8=Q+ Rxe8 51. Rxe8 1-0

[Event "Early-Titled-Tuesday-Blitz-August-29-2023"]
[Site "Chess.com"]
[Date "2023.08.29"]
[Round "2"]
[White "djano"]
[Black "IngOscarArdila"]
[Result "1-0"]
[WhiteElo "2520"]
[BlackElo "2324"]
[TimeControl "180+1"]
[EndTime "8:18:46 PDT"]
[Termination "djano won on time"]

1. e4 e5 2. Nc3 Nf6 3. d4 Bb4 4. dxe5 Nxe4 5. Qd4 Nxc3 6. Qxb4 Nd5 7. Qb3 Nb6 8. Nf3 h6 9. Bf4 O-O 10. O-O-O Nc6 11.
g4 Qe7 12. g5 hxg5 13. Bxg5 Qb4 14. Qe3 Na4 15. Qb3 Re8 16. Bc4 Qxb3 17. axb3 Nb6 18. Bf4 Nxc4 19. bxc4 Nd8 20. Rhg1 Ne6 21. Be3 b6 22. h4 Bb7 23. Ng5 Rad8 24. h5 d6 25. h6 g6 26. exd6 cxd6 27. h7+ Kg7 28. Bd2 f6 29.
h8=Q+ Kxh8 30. Nf7+ Kg7 31. Nxd8 Rxd8 32. Rde1 Kf7 33.
Bc3 Rh8 34. Re3 Rh4 35. Rge1 Bc8 36. b3 Rf4 37. f3 Bd7 38. Rd3 Ke7 39. Bd2 Rf5 40.
Bb4 Kf7 41. Bxd6 Bc6 42. f4 Nc5 43. Bxc5 bxc5 44. Rd6 Bf3 45. Rd7+ Kf8 46. Rxa7 Rxf4 47. Ree7 f5 48. Rh7 Kg8 49. Rhc7 Rd4 50. Rc8+ 1-0

[Event "Early-Titled-Tuesday-Blitz-August-29-2023"]
[Site "Chess.com"]
[Date "2023.08.29"]
[Round "2"]
[White "wadsy27"]
[Black "Anton_Demchenko"]
[Result "0-1"]
[WhiteElo "2605"]
[BlackElo "2933"]
[TimeControl "180+1"]
[EndTime "8:18:48 PDT"]
[Termination "Anton_Demchenko won on time"]

1. Nf3 Nf6 2. g3 b5 3. Bg2 Bb7 4. O-O e6 5. d3 Be7 6. e4 d6 7.
Nd4 c6 8. a4 b4 9. a5 Qc8 10. Nb3 c5 11. N1d2 O-O 12. e5 dxe5 13. Bxb7 Qxb7 14. Qf3 Qxf3 15. Nxf3 Nfd7 16. Re1 Nc6 17. a6 Rac8 18. Be3 f6 19. Nfd2 Kf7 20.
Nc4 g5 21. g4 h5 22. h3 Rh8 23.
Kg2 Nd4 24. Bxd4 cxd4 25. Ra5 Rb8 26. f3 Nf8 27. Nc5 Ng6 28. Rh1 Nf4+ 29. Kg3 hxg4 30. fxg4 Rh4 31. Ne4 Rbh8 32. Nf2 Rb8 33. b3 Ke8 34.
Ne4 Nd5 35. Rf1 Rh6 36. Rh1 Bd8 37. Ra4 Ke7 38. h4 gxh4+ 39. Rxh4 Rxh4 40. Kxh4 f5 41. Nc5 Bc7 42. gxf5 exf5 43. Kg5 Rf8 44. Ra1 Ne3 45. Nxe3 dxe3 46. Rh1 Kd6 47. d4 Bd8+ 48. Kg6 exd4 49. Nd3 f4 50. Rh7 Bb6 51. Rh6 Kd5 0-1

[Event "Early-Titled-Tuesday-Blitz-August-29-2023"]
[Site "Chess.com"]
[Date "2023.08.29"]
[Round "2"]
[White "Biregina"]
[Black "Kezin_Roman"]
[Result "0-1"]
[WhiteElo "2463"]
[BlackElo "2797"]
[TimeControl "180+1"]
[EndTime "8:18:48 PDT"]
[Termination "Kezin_Roman won on time"]

1. d4 f5 2. g3 Nf6 3. Bg2 g6 4. c4 Bg7 5. Nc3 O-O 6. Nh3 d6 7. O-O e5 8. dxe5 dxe5 9. Qxd8 Rxd8 10. Bg5 c6 11. Rfd1 Re8 12. f3 Be6 13. b3 Nbd7 14. Nf2 Kf7 15. e4 h6 16. Be3 Bf8 17. Nd3 fxe4 18.
Nxe4 Nxe4 19. fxe4 Kg7 20. Nf2 a5 21. Bh3 Bxh3 22. Nxh3 Nc5 23. Nf2 Rad8 24. Kf1 Ne6 25. Ke2 Bc5 26. Rxd8 Rxd8 27. Rd1 Bd4 28. Nd3 h5 29.
Rd2 Kf6 30. Ne1 a4 31. Nc2 Ke7 32. bxa4 c5 33. Ne1 Ra8 34. Nf3 Rxa4 35. Rc2 Ra3 36.
Bxd4 exd4 37. Ne1 Re3+ 38. Kd2 Rxe4 39. Rb2 Nd8 40. Nd3 h4 41. Nxc5 Rg4 42. gxh4 Rxh4 43.
Rb6 Rxh2+ 44. Kd3 g5 45. Nxb7 Ne6 46. Na5 Rh3+ 47. Ke4 Re3+ 48. Kd5 d3 49. Nc6+ Kf6 50. Nd4 d2 51. Rb1 Re1 52. Nf3 Rxb1 53. Nxd2 Rd1 0-1

[Event "Early-Titled-Tuesday-Blitz-August-29-2023"]
[Site "Chess.com"]
[Date "2023.08.29"]
[Round "2"]
[White "Rsnr"]
[Black "TimGrutter03"]
[Result "1-0"]
[WhiteElo "2903"]
[BlackElo "2591"]
[TimeControl "180+1"]
[EndTime "8:18:49 PDT"]
[Termination "Rsnr won by checkmate"]

1. d4 g6 2. c4 Bg7 3. Nf3 d6 4.
Nc3 Nc6 5. d5 Ne5 6. Nxe5 Bxe5 7. e4 c5 8. Bd3 Nf6 9. O-O O-O 10. h3 e6 11. Bg5 exd5 12. exd5 Qb6 13. Qd2 Nd7 14.
Rfe1 Bg7 15. Be7 Re8 16. Nb5 a6 17. Bxd6 Rxe1+ 18. Rxe1 axb5 19. Re8+ Nf8 20. Be7 bxc4 21. Bxc4 Ra4 22. b3 Bd7 23. Rd8 Qa5 24. Qxa5 Rxa5 25. Bxf8 Bxf8 26. Rxd7 b5 27. Bf1 b4 28. Bc4 Rxa2 29.
d6 Rd2 30. Rxf7 Rd1+ 31. Kh2 Bxd6+ 32. g3 Rd4 33. Rd7+ Kh8 34. Kg2 Be5 35. Re7 Bd6 36. Rf7 Rd2 37. h4 Be5 38. Kh3 Bd4 39. f3 Rc2 40. h5 gxh5 41. Kh4 Rxc4 42. bxc4 b3 43. Rb7 b2 44. Kxh5 Kg8 45. Rb3 Kf8 46. Kg4 Kf7 47.
Kf5 Kg7 48. g4 Kh6 49. Rb7 Bc3 50. g5+ Kh5 51. Rxh7# 1-0

[Event "Early-Titled-Tuesday-Blitz-August-29-2023"]
[Site "Chess.com"]
[Date "2023.08.29"]
[Round "2"]
[White "Elsa167"]
[Black "JiaHaoxiang"]
[Result "1-0"]
[WhiteElo "2882"]
[BlackElo "2576"]
[TimeControl "180+1"]
[EndTime "8:18:49 PDT"]
[Termination "Elsa167 won by resignation"]

1. d4 Nf6 2. c4 g6 3. Nc3 Bg7 4.
e4 d6 5. h3 O-O 6. Be3 e5 7.
d5 Na6 8. g4 Nd7 9. h4 f5 10.
gxf5 gxf5 11. exf5 Ndc5 12. Nge2 Bxf5 13. Ng3 Bd7 14.
Qd2 e4 15. Nh5 Be5 16. O-O-O Kh8 17. Bd4 Qe8 18. Be2 Bxd4 19. Qxd4+ Qe5 20. Qxe5+ dxe5 21. d6 c6 22. a3 Nb3+ 23. Kb1 Nac5 24. Rhf1 Nd4 25. Ng3 Rf4 26. h5 Raf8 27. b4 Nd3 28. Bxd3 exd3 29. Rxd3 Rxf2 30. Rxf2 Rxf2 31. Re3 Rf3 32.
Rxf3 Nxf3 33. Nce4 Kg7 34. Nc5 Bg4 35. d7 Bxd7 36.
Nxd7 b6 37. Kc2 Kh6 38. Kd3 Kg5 39. Ke4 Nd2+ 40. Kd3 Nf3 41. Ke3 Nd4 42. Nxe5 Nc2+ 43. Kd3 Nxa3 44. Nxc6 Kg4 45. Ne4 Kxh5 46. Nxa7 Kg4 47.
Nc8 h5 48. Nxb6 h4 49. Nd5 Kf3 50. Ng5+ Kg4 51. Ne4 Kf3 52. b5 h3 53. Ng5+ Kg4 54. Nxh3 Kxh3 55. b6 1-0

[Event "Early-Titled-Tuesday-Blitz-August-29-2023"]
[Site "Chess.com"]
[Date "2023.08.29"]
[Round "2"]
[White "SRob2003"]
[Black "MetiForce"]
[Result "1-0"]
[WhiteElo "2623"]
[BlackElo "2897"]
[TimeControl "180+1"]
[EndTime "8:18:50 PDT"]
[Termination "SRob2003 won on time"]

1. c4 e5 2. g3 Nf6 3. Bg2 d5 4. cxd5 Nxd5 5. Nf3 Nc6 6. O-O Be7 7. d4 e4 8. Ne5 f5 9. Nxc6 bxc6 10. Qc2 Qd6 11. Nc3 Nb4 12. Qa4 O-O 13. Bf4 Qd7 14. a3 Nd5 15. Nxd5 cxd5 16. Qxd7 Bxd7 17. Bxc7 Bb5 18. Rfe1 Rac8 19. Rac1 Rf7 20. e3 Bxa3 21. Be5 Rxc1 22.
Rxc1 Bf8 23. Rc8 g6 24. Bh3 h5 25. Bf1 Bxf1 26. Kxf1 Rd7 27. Ra8 g5 28. Ke1 Kf7 29.
Kd2 Bb4+ 30. Kc2 Be1 31. Rh8 Kg6 32. Rg8+ Kh6 33. Kd1 Bxf2 34. Ke2 Bg1 35. h4 g4 36.
Bf4+ Kh7 37. Rb8 Kg6 38. Kf1 Bxe3 39. Bxe3 Rc7 40. Ke2 Rc2+ 41. Bd2 f4 42. gxf4 Kf5 43. Rf8+ Ke6 44. Rh8 Rxb2 45. Rxh5 a5 46. Rh6+ Kf5 47. Rd6 g3 48. Rxd5+ Kg4 49. Rg5+ Kh3 50. h5 g2 51. h6 Kh2 52. h7 Rb8 53. Rh5+ 1-0

[Event "Early-Titled-Tuesday-Blitz-August-29-2023"]
[Site "Chess.com"]
[Date "2023.08.29"]
[Round "2"]
[White "abhidabhi"]
[Black "Herzog2012"]
[Result "1-0"]
[WhiteElo "2903"]
[BlackElo "2424"]
[TimeControl "180+1"]
[EndTime "8:18:50 PDT"]
[Termination "abhidabhi won by checkmate"]

1. Nf3 Nf6 2. g3 b5 3. Bg2 Bb7 4. Na3 a6 5. c4 e6 6. b3 bxc4 7. Nxc4 c5 8. O-O Be7 9. Bb2 O-O 10. d3 d6 11. Rc1 Nbd7 12. Qd2 a5 13. d4 cxd4 14.
Nxd4 d5 15. Ne3 Qb6 16. Rc2 Rfc8 17. Rfc1 Bb4 18. Rxc8+ Rxc8 19. Rxc8+ Bxc8 20. Qc2 Ba6 21. h4 Qc5 22. Qb1 e5 23. Ndf5 d4 24. Nc4 Bxc4 25. bxc4 Qxc4 26. a3 Bc5 27. Qd1 g6 28. Nh6+ Kg7 29.
Bc1 e4 30. Bg5 d3 31. exd3 Qxd3 32. Qc1 Qd4 33. Qc2 Ne5 34. Qa2 Qc4 35. Qb2 Qd4 36. Qa2 Qd1+ 37. Bf1 Nf3+ 38. Kg2 Nd5 39. Qb2+ Qd4 40.
Qa2 Ne1+ 41. Kg1 Nf3+ 42. Kg2 Nxg5 43. hxg5 Qe5 44. Bc4 e3 45. Bxd5 e2 46. Bf3 e1=N+ 47.
Kf1 Qe7 48. Qa1+ Kf8 49. Qh8# 1-0

[Event "Early-Titled-Tuesday-Blitz-August-29-2023"]
[Site "Chess.com"]
[Date "2023.08.29"]
[Round "2"]
[White "leschebaza"]
[Black "Let_it_be_1"]
[Result "0-1"]
[WhiteElo "2386"]
[BlackElo "2618"]
[TimeControl "180+1"]
[EndTime "8:18:50 PDT"]
[Termination "Let_it_be_1 won on time"]

1. Nf3 d5 2. c4 e6 3. e3 Nf6 4. b3 Be7 5. Bb2 O-O 6. d4 Nbd7 7. Nc3 c5 8. cxd5 exd5 9. Be2 b6 10. O-O Bb7 11.
Rc1 Ne4 12. dxc5 Ndxc5 13. Nd4 Bf6 14. b4 Nxc3 15. Bxc3 Ne4 16. Ba1 Rc8 17. Bg4 Rc4 18.
a3 Qc7 19. Be2 Rxc1 20. Qxc1 Rc8 21. Qxc7 Rxc7 22. Rd1 a6 23. Kf1 g6 24. f3 Nc3 25. Rc1 Nb5 26. Rxc7 Nxc7 27. Ke1 Ne6 28. Kd2 Nxd4 29. Bxd4 Bxd4 30. exd4 Kf8 31. a4 a5 32.
bxa5 bxa5 33. Bb5 Ke7 34. Ke3 g5 35. f4 f6 36. f5 h5 37. h3 h4 38. Kf3 Bc8 39. Kg4 Kd6 40. Bd3 Bd7 41. Bc2 Bc6 42. Kh5 Be8+ 43. Kh6 Ke7 44. Kg7 Bd7 45. Bd3 Bxa4 46.
Bb1 Bb5 47. Bc2 a4 48. Bb1 a3 49. Ba2 Bc4 50. Bxc4 dxc4 51. d5 a2 52. d6+ Kxd6 53. Kxf6 a1=Q+ 54. Kxg5 Qg7+ 55. Kh5 Ke5 56. f6 Kxf6 0-1

[Event "Early-Titled-Tuesday-Blitz-August-29-2023"]
[Site "Chess.com"]
[Date "2023.08.29"]
[Round "2"]
[White "Jospem"]
[Black "Druid24"]
[Result "1-0"]
[WhiteElo "3050"]
[BlackElo "2659"]
[TimeControl "180+1"]
[EndTime "8:18:51 PDT"]
[Termination "Jospem won on time"]

1. e4 c6 2. d4 d5 3. e5 c5 4. dxc5 Nc6 5. Nf3 Bg4 6. c3 e6 7.
Be3 Bxf3 8. Qxf3 Nxe5 9. Bb5+ Nc6 10. c4 Nf6 11. Nc3 a6 12. Ba4 Rc8 13. Rd1 Qa5 14. O-O dxc4 15. Bd4 Bxc5 16. Bxf6 gxf6 17. Qxf6 Rg8 18. Qf4 Qc7 19. Qxc4 Bd6 20. Qh4 b5 21. Bxb5 axb5 22. Nxb5 Bxh2+ 23. Qxh2 Qxh2+ 24. Kxh2 Ke7 25. Rfe1 Rb8 26. a4 Rg4 27. b3 Rb4 28. Re3 Na5 29. Rdd3 Rc8 30. Nd4 Rc5 31. Nf3 Rh5+ 32. Kg1 Rc5 33.
g3 h5 34. Kg2 Rc2 35. Ne5 Rc7 36. Rf3 f6 37. Ng6+ Kf7 38. Nf4 Nc6 39. Rc3 Rbb7 40. Nxh5 f5 41. Nf4 Ne5 42. Rxc7+ Rxc7 43. Re3 Ng4 44. Rxe6 Rc2 45. Re2 Rc3 46. Rb2 Ne5 47. a5 Nc6 48. a6 Na7 49. b4 Rc6 50. b5 Rb6 51. Nd5 Rxb5 52. Rxb5 Nxb5 53. Nc3 Na7 54. Kf3 Ke6 55. Kf4 Nc6 56. Kg5 Ke5 57. Nb5 1-0

[Event "Early-Titled-Tuesday-Blitz-August-29-2023"]
[Site "Chess.com"]
[Date "2023.08.29"]
[Round "2"]
[White "Iunusovnuriddin"]
[Black "CrazyAdvenTures"]
[Result "1/2-1/2"]
[WhiteElo "2305"]
[BlackElo "2696"]
[TimeControl "180+1"]
[EndTime "8:18:51 PDT"]
[Termination "Game drawn by repetition"]

1. e4 e5 2. Nf3 Nc6 3. Nc3 Nf6 4. d4 exd4 5. Nxd4 Bc5 6. Be3 Bb6 7.
Be2 O-O 8. O-O Re8 9. Nxc6 bxc6 10. Bxb6 axb6 11. Bf3 d6 12. e5 Rxe5 13. Bxc6 Rb8 14.
h3 Bf5 15. Re1 Rxe1+ 16. Qxe1 Bxc2 17. Rc1 Bf5 18. Nb5 Be6 19. a4 d5 20. Qe5 Rc8 21. Na7 Rb8 22. Nb5 Qe7 23. Qxc7 Qf8 24. Qd6 Qc8 25. Rc3 Ne4 26. Bxd5 Nxc3 27. Nxc3 Bxd5 28. Nxd5 Qf8 29. Qg3 Qd8 30. Nc3 h6 31. b4 Rc8 32.
Nb5 Qd1+ 33. Kh2 Rc1 34. Qb8+ Kh7 35. a5 Qg1+ 36. Kg3 bxa5 37. bxa5 Rb1 38. a6 Qf1 39. a7 Rxb5 40. a8=Q Qd3+ 41. Kh2 Rxb8 42. Qxb8 Qf5 43. Qg3 g5 44. Qe3 Kg6 45. g4 Qd5 46. Kg3 f6 47. f3 Qd6+ 48. Kg2 Qb8 49. Qe4+ Kg7 50. Qe7+ Kg6 51. Qe4+ Kg7 52. Qe7+ Kg6 53. Qe4+ 1/2-1/2

[Event "Early-Titled-Tuesday-Blitz-August-29-2023"]
[Site "Chess.com"]
[Date "2023.08.29"]
[Round "2"]
[White "ChesscularGodofchess"]
[Black "topin8"]
[Result "0-1"]
[WhiteElo "2179"]
[BlackElo "2466"]
[TimeControl "180+1"]
[EndTime "8:18:52 PDT"]
[Termination "topin8 won by checkmate"]

1. d4 Nf6 2. Nf3 c5 3. e3 g6 4. Nbd2 Bg7 5. c3 O-O 6. dxc5 Qc7 7. b4 a5 8. Bb2 Nc6 9. a3 b6 10. cxb6 Qxb6 11. Bc4 d5 12. Be2 Ne4 13. Nxe4 dxe4 14. Nd4 Bb7 15. O-O Ne5 16. Qb3 a4 17. Qc2 Rfc8 18.
c4 Nxc4 19. Bxc4 Bd5 20. Rac1 Rxc4 21. Qd2 Rac8 22. Rxc4 Rxc4 23. Rc1 h5 24. Rxc4 Bxc4 25. h3 Bd5 26. Qc2 Qa6 27. Qc5 e6 28. b5 Qb7 29.
Bc3 Kh7 30. Bb4 h4 31. Qe7 Bxd4 32. Qxh4+ Kg7 33. exd4 Qxb5 34. Bd6 f6 35. Be7 g5 36.
Qh5 Qd7 37. Bc5 Qf7 38. Qe2 Qd7 39. Qa6 Bb3 40. Qb6 f5 41. Qb4 Kg6 42. Qc3 f4 43. Qb4 Qd5 44. Qb8 Qd7 45. Qg8+ Qg7 46. Qe8+ Qf7 47. Qc6 e3 48. fxe3 fxe3 49. Qe4+ Qf5 50. Qxe3 Qb1+ 51. Kh2 Qf5 52. g3 Bd5 53. Qe5 Qc2+ 54.
Kg1 Qg2# 0-1

[Event "Early-Titled-Tuesday-Blitz-August-29-2023"]
[Site "Chess.com"]
[Date "2023.08.29"]
[Round "2"]
[White "GiorgianBarbosa"]
[Black "sokidze"]
[Result "1-0"]
[WhiteElo "2450"]
[BlackElo "2771"]
[TimeControl "180+1"]
[EndTime "8:18:53 PDT"]
[Termination "GiorgianBarbosa won on time"]

1. c4 c5 2. g3 Nc6 3. Bg2 g6 4. Nc3 Bg7 5. e3 e5 6. Nge2 Nge7 7. O-O O-O 8. b3 d6 9. Bb2 Be6 10. Nd5 Rb8 11. Nec3 a6 12. d3 b5 13. Qd2 f5 14.
Nxe7+ Nxe7 15. Nd5 Nxd5 16. cxd5 Bd7 17. f4 Qe7 18. Rae1 Rbe8 19. e4 Qd8 20. h3 fxe4 21.
dxe4 Rf7 22. fxe5 Rxf1+ 23. Rxf1 Bxe5 24. Bxe5 Rxe5 25. Qf4 Qe7 26. Kh2 g5 27. Qd2 Be8 28. Rf2 Bg6 29. Re2 Kg7 30. Qa5 Bxe4 31. Qxa6 Bxg2 32. Rxg2 b4 33. Qc4 Re4 34. Qc1 Qe5 35. Qd2 Rd4 36. Qf2 Qxd5 37. Qe2 Re4 38. Qa6 Qe6 39.
Qa7+ Qe7 40. Qa6 Re5 41. Rf2 d5 42. Qf1 d4 43. Qd3 h6 44. Qa6 Re6 45. Qd3 Re3 46. Qc4 Re4 47. Qa6 Re6 48. Qc4 Rf6 49. Re2 Qc7 50.
Qd5 Rf8 51. Re6 Rd8 52. Qe4 d3 53. Qg6+ Kf8 54. Rf6+ Ke7 55. Rf7+ 1-0